 Dungeon Crawl Stone Soup version 0.26.1-11-gd32895ea62 (webtiles) character file.

Game seed: 7547734375251677884

947 dtburroughs the Skirmisher (level 7, -1/64 HPs)
             Began as a Minotaur Berserker on June 15, 2021.
             Was a Priest of Trog.
             Killed from afar by a dart slug (4 damage)
             ... with a slug dart
             ... on level 6 of the Dungeon on June 16, 2021.
             The game lasted 00:08:53 (4431 turns).

dtburroughs the Skirmisher (Minotaur Berserker)     Turns: 4431, Time: 00:08:54

Health: -1/64      AC: 11    Str: 22    XL:     7   Next: 89%
Magic:  6/6        EV: 10    Int: 12    God:    Trog [***...]
Gold:   326        SH:  0    Dex:  9    Spells: 6/6 levels left

rFire    . . .     SeeInvis .   w - +0 war axe
rCold    . . .     Faith    .   (no shield)
rNeg     . . .     Spirit   .   k - +0 chain mail
rPois    +         Reflect  .   (helmet restricted)
rElec    .         Harm     .   s - +0 cloak
rCorr    .         Rampage  .   t - -1 pair of gloves (curse)
Will     .....                  (no boots)
Stlth    ..........             (no amulet)
HPRegen  0.20/turn              j - +6 ring of intelligence
MPRegen  0.10/turn              x - ring of poison resistance

@: no status effects
A: retaliatory headbutt, horns 2
a: Renounce Religion, Berserk, Trog's Hand


You were on level 6 of the Dungeon.
You worshipped Trog.
Trog was most pleased with you.
You visited 1 branch of the dungeon, and saw 6 of its levels.

You collected 326 gold pieces.

Inventory:

Hand Weapons
 w - a +0 war axe (weapon)
Armour
 d - a scarf of shadows
 k - a +0 chain mail (worn)
 s - a +0 cloak (worn)
 t - a cursed -1 pair of gloves (worn)
Jewellery
 j - a +6 ring of intelligence (left hand)
 p - an uncursed ring of magical power {unknown}
 x - a ring of poison resistance (right hand)
Wands
 u - a wand of random effects (20)
Scrolls
 b - a scroll of fear {unknown}
 e - 3 scrolls of magic mapping {unknown}
 f - 8 scrolls of identify
 i - 5 scrolls of remove curse
 l - 5 scrolls of enchant armour {unknown}
 m - 3 scrolls of amnesia {unknown}
 n - 2 scrolls of fog {unknown}
 o - 3 scrolls of teleportation {unknown}
 v - a scroll of enchant weapon {unknown}
Potions
 a - a potion of resistance {unknown}
 c - a potion of might {unknown}
 g - 4 potions of degeneration {unknown}
 h - 4 potions of attraction {unknown}
 q - a potion of curing {unknown}
 r - 3 potions of flight {unknown}
 z - a potion of lignification {unknown}
 A - a potion of haste {unknown}


   Skills:
 + Level 6.5 Fighting
 + Level 6.5 Axes
 + Level 5.9 Armour
 + Level 5.3 Dodging


You had 6 spell levels left.
You didn't know any spells.
Your spell library was empty.

Dungeon Overview and Level Annotations

Branches:
Dungeon (6/15)
 Temple: D:4-7

Altars:
Ashenzari
Dithmenos
Ru
Sif Muna
Uskayaw
Wu Jian
Yredelemnul
The Shining One


Innate Abilities, Weirdness & Mutations

You reflexively headbutt those who attack you in melee.
You have a pair of horns on your head.


Message History

The bolt of electricity hits you!
Your chain mail prevents you from hitting the electric eel.
You slash the electric eel! You slash the bullfrog skeleton!
The bullfrog skeleton hits you.
* * * LOW HITPOINT WARNING * * *
The electric eel shoots out a bolt of lightning at you!
The bolt of electricity hits you.
* * * LOW HITPOINT WARNING * * *
The bullfrog skeleton hits you but does no damage.
The bullfrog skeleton misses you.
There is a stone staircase leading up here.
The bullfrog skeleton barely misses you.
The electric eel shoots out a bolt of lightning at you!
The bolt of electricity hits you!
* * * LOW HITPOINT WARNING * * *
The electric eel shoots out a bolt of lightning at you!
The bolt of electricity misses you. The dart slug launches a dart at you.
The slug dart hits you.
You die...

)##≈≈.≈≈#.
##.≈≈≈≈≈≈≈.##
##≈≈≈≈≈≈≈≈#≈≈##
.#≈≈≈≈≈..$≈≈≈≈≈#
#.#≈≈#.≈.w≈≈≈≈≈.
#≈≈≈≈≈;≈<#≈≈≈≈≈≈
≈≈≈≈≈≈≈≈$≈≈#≈≈≈≈
≈≈≈≈≈≈;?Z.≈≈≈≈≈≈
.≈≈≈≈≈≈[@.≈≈≈≈≈≈
≈≈≈≈w≈≈...≈≈#≈≈≈
≈≈≈≈≈≈≈≈.≈≈≈≈≈≈≈
##≈≈≈≈≈.$≈≈≈≈≈≈≈
#.≈≈≈≈≈...≈#≈≈≈.
.##≈≈#≈..≈≈≈≈≈≈#
#≈w≈≈≈#≈#≈≈≈##
##.#≈# #≈≈w##


You could see 2 electric eels, 4 dart slugs and a bullfrog skeleton.

Vanquished Creatures
  Duvessa (D:4)
  A phantom (D:4)
  An ogre (D:4)
  A centaur (D:5)
  Dowan (D:4)
  A scorpion (D:5)
  2 hounds
  An orc priest (D:5)
  3 orc wizards
  A jelly (D:5)
  An iguana (D:4)
  3 worker ants
  A hound skeleton (D:5)
  9 adders
  2 ufetubi (D:5)
  An ooze (D:2)
  An adder skeleton (D:4)
  3 worms
  3 leopard geckos
  8 orcs
  3 giant cockroaches
  6 goblins
  6 hobgoblins
  2 jackals (D:3)
  A kobold (D:2)
  2 quokkas
  3 ball pythons
  4 bats
  8 frilled lizards
  5 rats
85 creatures vanquished.

Vanquished Creatures (others)
  8 toadstools (D:3)
8 creatures vanquished.

Grand Total: 93 creatures vanquished

Notes
Turn   | Place    | Note
-------+----------+-------------------------------------------
     0 | D:1      | dtburroughs the Minotaur Berserker began the quest for the
                  | Orb.
     0 | D:1      | Reached XP level 1. HP: 19/19 MP: 0/0
   583 | D:1      | Reached XP level 2. HP: 27/27 MP: 1/1
   894 | D:2      | Reached ** piety under Trog
   935 | D:2      | Reached XP level 3. HP: 33/33 MP: 2/2
  1485 | D:2      | Found a shadowy altar of Dithmenos.
  1523 | D:2      | Found a sacrificial altar of Ru.
  1813 | D:3      | Reached XP level 4. HP: 34/41 MP: 3/3
  2320 | D:4      | Noticed a phantom
  2336 | D:4      | Killed a phantom
  2337 | D:4      | Reached XP level 5. HP: 42/47 MP: 4/4
  2442 | D:4      | Found a shimmering blue altar of Sif Muna.
  2462 | D:4      | Reached skill level 5 in Fighting
  2462 | D:4      | Reached skill level 5 in Axes
  2589 | D:4      | Found a faded altar of an unknown god.
  2589 | D:4      | Found a glowing golden altar of the Shining One.
  2597 | D:4      | Found a faded altar of an unknown god.
  2599 | D:4      | Found a hide-covered altar of Uskayaw.
  2601 | D:4      | Found an ornate altar of the Wu Jian Council.
  2642 | D:4      | Noticed an ogre
  2647 | D:4      | Reached XP level 6. HP: 53/56 MP: 5/5
  3011 | D:4      | Noticed Dowan
  3035 | D:4      | Killed Dowan
  3040 | D:4      | Noticed Duvessa
  3047 | D:4      | Killed Duvessa
  3048 | D:4      | Reached skill level 5 in Armour
  3048 | D:4      | Reached XP level 7. HP: 34/62 MP: 6/6
  3489 | D:4      | Found a broken altar of Ashenzari.
  3496 | D:4      | Found a basalt altar of Yredelemnul.
  3547 | D:5      | Entered Level 5 of the Dungeon
  3654 | D:5      | Reached skill level 5 in Dodging
  3857 | D:5      | Reached *** piety under Trog
  4431 | D:6      | HP: 3/64 [electric eel/bolt of electricity (11)]
  4431 | D:6      | Killed from afar by a dart slug

Illustrated notes

Levels and vault maps discovered:
D:1:      dpeg_arrival_rooms_with_view, layout_loops_ring
D:2:      layout_basic, lemuel_crystal_altar, nicolae_overflow_hidden_temple
D:3:      cheibrodos_fertilizer, layout_loops_cross,
          lemuel_coloured_pillars_altar
D:4:      layout_cave_pools, lemuel_crystal_altar,
          chequers_temple_overflow_minitemple, minitemple, serial_column_ruins,
          column_ruins_hut_pillars, column_ruins_corridor_straight,
          column_ruins_open_tiny, column_ruins_columns_straight,
          column_ruins_columns_corner, column_ruins_corridor_plus, uniq_duvessa
D:5:      layout_cave_pools
D:6:      kennysheep_slugbush, layout_basic, grunt_decor_one_mirror,
          chequers_garden

Skill      XL: |  1  2  3  4  5  6  7 |
---------------+----------------------+-----
Axes           | 4 5 6 |  6.5
Fighting       | 4 5 6 |  6.5
Armour         | 3 4 5 |  5.9
Dodging        | 3 4 5 |  5.3

Action                   |  1- 3 |  4- 6 |  7- 9 || total
-------------------------+-------+-------+-------++-------
Melee: Hand axe          |    91 |    19 |       ||   110
       Headbutt          |     8 |    17 |    13 ||    38
       War axe           |       |    51 |    94 ||   145
Invok: Trog's Hand       |       |     2 |       ||     2
  Use: Scroll            |       |       |     1 ||     1
Armor: Chain mail        |    43 |    28 |    64 ||   135
Dodge: Dodged            |    48 |    34 |    69 ||   151
